 Dungeon Crawl Stone Soup version 0.19.5 (webtiles) character file.

10616 Gargoyl the Protected (level 11, -9/92 HPs)
             Began as a Ghoul Abyssal Knight on Mar 6, 2017.
             Was a Priest of Lugonu.
             Mangled by Gastronok (18 damage)
             ... on level 3 of the Lair of Beasts.
             The game lasted 00:32:55 (13451 turns).

Gargoyl the Protected (Ghoul Abyssal Knight)       Turns: 13451, Time: 00:32:56

Health: -9/92      AC: 19    Str: 17    XL:     11   Next: 64%
Magic:  17/17      EV: 10    Int:  7    God:    Lugonu [***...]
Gold:   840        SH:  0    Dex: 11    Spells: 0 memorised, 10 levels left

rFire  + . .     SeeInvis +     B - +2 war axe
rCold  + . .     Gourm    .     g - +0 chain mail
rNeg   + + +     Faith    .     (no shield)
rPois  ∞         Spirit   .     d - +2 helmet {SInv}
rElec  .         Reflect  .     o - +0 cloak
rCorr  .         Harm     .     s - +0 pair of gloves
MR     .....                    N - +0 pair of boots
Stlth  ..........               (no amulet)
                                k - ring of protection from fire
                                n - +2 ring of evasion

@: rotting
A: rotting body, claws 1, carnivore 3, cold resistance 1, negative energy
resistance 3, slow regeneration 1, torment resistance, unbreathing
a: Depart the Abyss, Bend Space, Banish, Renounce Religion


You were on level 3 of the Lair of Beasts.
You worshipped Lugonu.
Lugonu was most pleased with you.
You were not hungry.

You visited 2 branches of the dungeon, and saw 12 of its levels.
You visited the Abyss 2 times.

You collected 840 gold pieces.

Inventory:

Hand Weapons
 a - a +1 hand axe
 B - a +2 war axe (weapon)
 C - a +1 hand axe of chopping
Missiles
 h - 2 steel tomahawks (quivered)
 w - 11 tomahawks
Armour
 d - a +2 helmet of see invisible (worn)
 g - a +0 chain mail (worn)
 o - a +0 cloak (worn)
 s - a +0 pair of gloves (worn)
 N - a +0 pair of boots (worn)
Jewellery
 k - a ring of protection from fire (right hand)
 n - a +2 ring of evasion (left hand)
 L - a +2 ring of dexterity {unknown}
 M - an uncursed amulet of harm {unknown}
Wands
 p - a wand of confusion (13/48)
 x - a wand of disintegration (13/24)
 D - a wand of flame (5/48)
 F - a wand of confusion (28/48)
 G - a wand of iceblast (8/15)
 H - a wand of iceblast (5/15)
 J - a wand of slowing (20/48)
 P - a wand of heal wounds (3/9)
Scrolls
 l - 4 scrolls of teleportation
 m - 5 scrolls of magic mapping
 t - 3 scrolls of blinking
 v - 10 scrolls of remove curse
 y - a scroll of fog
 z - 2 scrolls of amnesia
Potions
 b - 2 potions of resistance
 e - 2 potions of lignification
 j - 4 potions of might
 q - 2 potions of brilliance
 A - a potion of flight
 E - 2 potions of ambrosia {unknown}
 I - a potion of invisibility {unknown}
 K - a potion of haste
 Q - a potion of mutation {unknown}
Books
 r - a book of Geomancy

   Spells                             Type                      Level
   a - Sandblast                      Earth                        1
   b - Passwall                       Transmutation/Earth          2
   c - Stone Arrow                    Conjuration/Earth            3
   d - Petrify                        Transmutation/Earth          4
   e - Lee's Rapid Deconstruction     Earth                        5
Comestibles
 c - 4 meat rations
 f - 3 slices of pizza
 i - 4 beef jerkies
 u - 2 royal jellies


   Skills:
 + Level 7.4 Fighting
   Level 1.0 Long Blades
 + Level 9.2 Axes
   Level 0.1(5.6) Polearms
 + Level 0.6 Throwing
 * Level 9.8 Armour
 + Level 3.1 Dodging
 * Level 9.5 Invocations


You had 10 spell levels left.
You didn't know any spells.

Dungeon Overview and Level Annotations

Branches:
Dungeon (9/15)             Temple (0/1) D:7            Lair (3/6) D:9
  Swamp (0/4) Lair:2          Orc (0/2) D:9
  Snake: Lair:2-4    Spider: Lair:2-4

Altars:
Ashenzari
Fedhas
Gozag
Kikubaaqudgha
Trog
Uskayaw
Xom
The Shining One

Annotations:
Lair:3 Gastronok
Abyss:1 Sonja


Innate Abilities, Weirdness & Mutations

Your body is rotting away.
You thrive on raw meat.
You are immune to poison.
You have sharp fingernails.
You are carnivorous and can eat meat at any time.
Your flesh is cold resistant. (rC+)
You are immune to negative energy. (rN+++)
You regenerate slowly when monsters are visible.
You are immune to unholy pain and torment.
You can survive without breathing.


Message History

Gastronok is severely wounded.
Gastronok bites you but does no damage.
You hit Gastronok.
Gastronok is severely wounded.
You slash Gastronok!
Gastronok is severely wounded.
Gastronok waves his eye-stalks in wide circles.
The air twists around and strikes you!
You slash Gastronok!
Gastronok is almost dead.
You hit Gastronok.
Gastronok is almost dead.
Gastronok bites you!!
* * * LOW HITPOINT WARNING * * *
You slash Gastronok!
Gastronok is almost dead.
You hit Gastronok but do no damage.
Gastronok is almost dead.
Gastronok bites you!!
You die...

... ..... .P.. ##...#
#..# ##.%.P#
##..#######....#
###......##......#
#................###
.........<.........#
...............!@.#
...............w...P.#
.....................#
.......#.............#
.....................#
.............###.#####
............######
#.............#
#.......#.....#


You could see Gastronok.

Vanquished Creatures
  Pikel (D:8)
  A spiny frog (Lair:2)
  A rime drake (Lair:2)
  A troll (D:9)
  2 hippogriffs
  A shadow (D:9)
  A yak (D:6)
  4 basilisks
  2 wyverns
  Menkaure (D:4)
  7 water moccasins
  Duvessa (D:5)
  6 porcupines
  An orc warrior (D:9)
  4 sky beasts
  An ice beast (D:8)
  2 phantoms
  A slave (D:8)
  A centaur (D:7)
  3 wolves (Lair:1)
  A crocodile (Lair:3)
  7 ogres
  Blork the orc (D:6)
  4 big kobolds
  11 bullfrogs
  Dowan (D:5)
  6 scorpions
  3 electric eels
  3 howler monkeys
  A bullfrog zombie (D:8)
  3 centaur zombies
  3 crimson imps
  A jelly (D:7)
  A quasit (D:9)
  6 orc priests
  13 orc wizards
  7 worker ants
  A hound skeleton (D:6)
  A hound zombie (D:5)
  A howler monkey zombie (D:5)
  2 howler monkey skeletons
  11 adders
  2 adder skeletons
  An adder zombie (D:7)
  3 worms
  2 dart slugs
  9 leopard geckos
  35 orcs
  7 bats
  3 giant cockroaches (D:3)
  6 hobgoblins
  9 jackals
  12 kobolds
  2 quokkas
  A ball python skeleton (D:6)
  A frilled lizard (D:3)
  13 goblins
  A jackal skeleton (D:5)
  A quokka skeleton (D:6)
  3 rats
  A plant (D:8)
242 creatures vanquished.

Vanquished Creatures (collateral kills)
  4 blink frogs (Lair:3)
4 creatures vanquished.

Vanquished Creatures (others)
  2 black mambas (Lair:2)
  A hornet (D:7)
  3 orc warriors
  2 electric eels (Lair:2)
  A crimson imp (D:6)
  An orc (D:8)
  3 fungi
  10 plants (D:8)
23 creatures vanquished.

Grand Total: 269 creatures vanquished

Notes
Turn   | Place    | Note
-------+----------+-------------------------------------------
     0 | Abyss:1  | Gargoyl the Ghoul Abyssal Knight began the quest for the Orb.
     0 | Abyss:1  | Reached XP level 1. HP: 19/19 MP: 1/1
    54 | Abyss:2  | Identified a scroll of acquirement
    67 | Abyss:2  | Noticed an ancient zyme
    69 | D:1      | Escaped the Abyss
   202 | D:1      | Reached XP level 2. HP: 21/25 MP: 2/2
   383 | D:1      | Reached skill level 1 in Dodging
   395 | D:1      | Reached * piety under Lugonu
   647 | D:1      | Reached XP level 3. HP: 31/31 MP: 3/3
   826 | D:2      | Found a shattered altar of Ashenzari.
  1363 | D:2      | Reached XP level 4. HP: 27/38 MP: 4/4
  1651 | D:3      | Reached ** piety under Lugonu
  1755 | D:3      | Reached XP level 5. HP: 39/46 MP: 6/6
  2446 | D:4      | Noticed a phantom
  2553 | D:4      | Killed a phantom
  2553 | D:4      | Reached XP level 6. HP: 23/52 MP: 7/7
  2999 | D:4      | Reached XP level 7. HP: 38/60 MP: 8/8
  3449 | D:4      | Found a glowing golden altar of the Shining One.
  3485 | D:5      | Entered Level 5 of the Dungeon
  3485 | D:5      | Noticed Menkaure
  3512 | D:4      | Killed Menkaure
  3994 | D:5      | Reached skill level 5 in Armour
  4016 | D:5      | Found a shimmering altar of Xom.
  4134 | D:5      | Noticed Duvessa
  4135 | D:5      | Reached XP level 8. HP: 67/67 MP: 10/10
  4138 | D:5      | Noticed Dowan
  4232 | D:5      | Killed Duvessa
  4248 | D:6      | Reached *** piety under Lugonu
  4363 | D:5      | Killed Dowan
  4432 | D:5      | Found an opulent altar of Gozag.
  4619 | D:6      | Reached skill level 5 in Axes
  4642 | D:6      | Noticed Blork the orc
  4650 | D:6      | Killed Blork the orc
  4650 | D:6      | Reached skill level 5 in Fighting
  4650 | D:6      | Reached skill level 1 in Long Blades
  4688 | D:7      | Reached skill level 5 in Invocations
  5022 | D:6      | Reached XP level 9. HP: 67/74 MP: 12/12
  6526 | D:7      | Found an ancient bone altar of Kikubaaqudgha.
  6527 | D:7      | Found a bloodstained altar of Trog.
  6561 | D:7      | Found a blossoming altar of Fedhas.
  6815 | D:7      | Found a staircase to the Ecumenical Temple.
  6857 | D:8      | Noticed a hornet
  6884 | D:7      | Banished a hornet
  7183 | D:8      | Found a shimmering altar of Xom.
  7223 | D:8      | Found a hide-covered altar of Uskayaw.
  7326 | D:8      | Reached XP level 10. HP: 60/83 MP: 14/14
  7605 | D:8      | Cast into level 1 of the Abyss (orc)
  7666 | Abyss:1  | Noticed a white very ugly thing
  7676 | D:8      | Escaped the Abyss
  7724 | D:8      | Noticed Pikel
  7748 | D:8      | Killed Pikel
  8320 | D:9      | Found a staircase to the Orcish Mines.
  8655 | D:9      | Found a staircase to the Lair.
  9236 | Lair:1   | Entered Level 1 of the Lair of Beasts
  9306 | Lair:1   | Reached **** piety under Lugonu
  9470 | Lair:1   | Reached XP level 11. HP: 53/91 MP: 16/16
 10563 | Lair:2   | Found a staircase to the Swamp.
 10730 | Lair:2   | Noticed Sonja
 11100 | Lair:2   | Banished Sonja
 13418 | Lair:3   | Noticed Gastronok
 13451 | Lair:3   | Mangled by Gastronok

Skill      XL: |  1  2  3  4  5  6  7  8  9 10 11 |
---------------+----------------------------------+-----
Armour         | 2 3 4 5 6 7 8 9 |  9.8
Axes           | 2 3 4 5 6 8 9 |  9.2
Dodging        | 1 2 3 |  3.1
Invocations    | 3 4 5 7 8 9 |  9.5
Fighting       | 4 5 6 7 |  7.4
Long Blades    | 1 |  1.0
Polearms       | |  0.1
Throwing       | |  0.6

Action                   |  1- 3 |  4- 6 |  7- 9 | 10-12 || total
-------------------------+-------+-------+-------+-------++-------
Melee: Hand axe          |   140 |   252 |   549 |       ||   941
       Long sword        |       |       |    55 |       ||    55
       War axe           |       |       |    83 |   673 ||   756
       Trident           |       |       |       |     9 ||     9
Throw: Tomahawk          |       |       |     6 |     8 ||    14
Invok: Depart the Abyss  |     1 |       |       |     1 ||     2
       Banish            |       |       |     8 |     5 ||    13
       Bend Space        |       |       |     1 |     1 ||     2
Evoke: Wand              |       |       |       |     1 ||     1
  Use: Scroll            |     4 |     4 |     9 |     8 ||    25
       Potion            |       |     1 |     4 |     3 ||     8
 Stab: Sleeping          |       |       |       |     1 ||     1
  Eat: Chunk             |    19 |    29 |    87 |    85 ||   220
Armor: Leather armour    |    44 |       |       |       ||    44
       Ring mail         |    14 |       |       |       ||    14
       Scale mail        |       |    51 |       |       ||    51
       Chain mail        |       |    95 |   566 |   424 ||  1085
Dodge: Dodged            |   103 |    97 |   407 |   367 ||   974
       Rpst.: Long sword |       |       |    13 |       ||    13
